 Dungeon Crawl Stone Soup version 0.30-a0-622-gddc90eaa04 (webtiles) character file.

Game seed: 16124856106550568686

2246183 Twinkles the Conqueror (level 27, 199/199 HPs)
             Began as a Gargoyle Cinder Acolyte on Jan 7, 2023.
             Was a High Priest of Ignis.
             Escaped with the Orb
             ... and 4 runes on Jan 11, 2023!
             The game lasted 07:05:18 (75941 turns).

Twinkles the Conqueror (Gargoyle Cinder Acolyte)   Turns: 75941, Time: 07:05:18

Health: 199/199    AC: 84    Str: 40    XL:     27
Magic:  25/28      EV: 15    Int: 18    God:    Ignis [*****.]
Gold:   4531       SH:  0    Dex: 11    Spells: 18/47 levels left

rFire   + . .      SeeInvis +    a - +9 lajatang (elec)
rCold   + + .      Faith    .    (shield currently unavailable)
rNeg    + . .      Spirit   .    w - +14 crystal plate armour {rC+}
rPois   ∞          Reflect  .    u - +2 helmet {SInv}
rElec   +          Harm     .    c - +2 cloak {Will+}
rCorr   +          Rampage  .    Z - +2 pair of gloves "Xotevij" {Contam rC+ Slay+3}
Will    +++..                    B - +3 pair of mountain boots {steadfast, rC+} Stlth
                                 L - amulet "Novomum" {rC- Regen+ Str+2 Int+2}
HPRegen 1.33/turn                t - ring of Uqupsurch {rElec rCorr MP-9 Str+3 Dex+4}
MPRegen 0.21/turn                x - ring "Ruppunk" {rPois AC+4 Str+6}

@: flying, studying 6 skills
A: sickness immunity, AC +20, big wings, negative energy resistance 1,
electricity resistance, torment resistance 1, petrification resistance, hooves
1, iridescent scales 1
0: Orb of Zot
}: 4/15 runes: decaying, serpentine, slimy, silver
a: Renounce Religion, Fiery Armour, Foxfire Swarm


You escaped.
You worshipped Ignis.
Ignis was extremely pleased with you.
You visited 12 branches of the dungeon, and saw 56 of its levels.
You also visited: Trove, Sewer, Bailey, Ice Cave and Volcano.

You collected 11442 gold pieces.
You spent 6911 gold pieces at shops.

Inventory:

Hand Weapons
 a - a +9 lajatang of electrocution (weapon)
 b - the +7 lajatang of Order {silver, rMut}
   (You acquired it on level 1 of the Vaults)

   It inflicts extra damage upon those it strikes, and deals substantially
   increased damage to chaotic, mutated and magically transformed beings.
   rMut:      It protects you from mutation.
Missiles
 g - 6 throwing nets
 W - 29 curare-tipped darts
Armour
 c - a +2 cloak of willpower (worn)
 u - a +2 helmet of see invisible (worn)
 w - a +14 crystal plate armour of cold resistance (worn)
 B - the +3 pair of mountain boots (worn) {steadfast, rC+}
   (You bought it in a shop on level 1 of the Orcish Mines)

   It prevents involuntary movement, except for blinking, teleportation, or
   banishment.
   rC:        It protects you from cold.
 Z - the +2 pair of gloves "Xotevij" (worn) {Contam rC+ Slay+3}
   (You bought it in a shop on level 1 of the Snake Pit)

   Slay:      It affects your accuracy & damage with ranged weapons and melee
   (+3).
   rC:        It protects you from cold.
   Contam:    It causes magical contamination when unequipped.
Jewellery
 i - the ring "Pannom" {+Blink rElec rC- Will+ Str+5}
   (You took it off a draconian monk on level 4 of the Depths)

   [ring of willpower]

   Str:       It affects your strength (+5).
   rC:        It makes you vulnerable to cold.
   rElec:     It insulates you from electricity.
   +Blink:    It lets you blink.
   Will:      It increases your willpower.
 k - the ring "Qigox" {rF+ rC+ rN+}
   (You found it on level 3 of the Crypt)

   [ring of positive energy]

   rF:        It protects you from fire.
   rC:        It protects you from cold.
   rN:        It protects you from negative energy.
 q - the ring of Soit {Fly rF++ Will+++ rCorr Dex-3}
   (You took it off a deep elf demonologist on level 3 of the Elven Halls)

   [ring of flight]

   Dex:       It affects your dexterity (-3).
   rF:        It greatly protects you from fire.
   Fly:       It grants you flight.
   rCorr:     It protects you from acid and corrosion.
   Will:      It greatly increases your willpower.
 r - a +5 ring of evasion
 t - the ring of Uqupsurch (left hand) {rElec rCorr MP-9 Str+3 Dex+4}
   (You found it on level 5 of the Pits of Slime)

   [ring of resist corrosion]

   Str:       It affects your strength (+3).
   Dex:       It affects your dexterity (+4).
   rElec:     It insulates you from electricity.
   MP:        It affects your magic capacity (-9).
   rCorr:     It protects you from acid and corrosion.
 x - the ring "Ruppunk" (right hand) {rPois AC+4 Str+6}
   (You found it on level 3 of the Depths)

   [ring of protection]

   AC:        It affects your AC (+4).
   Str:       It affects your strength (+6).
   rPois:     It protects you from poison.
 L - the amulet "Novomum" (around neck) {rC- Regen+ Str+2 Int+2}
   (You found it on level 3 of the Crypt)

   [amulet of regeneration]

   Str:       It affects your strength (+2).
   Int:       It affects your intelligence (+2).
   rC:        It makes you vulnerable to cold.
   Regen:     It increases your rate of health regeneration.
Wands
 d - a wand of digging (27)
 e - a wand of charming (22)
 h - a wand of quicksilver (14)
 j - a wand of polymorph (17)
 n - a wand of roots (30)
 y - a wand of mindburst (27)
Scrolls
 o - 7 scrolls of poison
 p - 4 scrolls of torment
 D - 11 scrolls of blinking
 E - 8 scrolls of fear
 F - 4 scrolls of fog
 K - 4 scrolls of immolation
 O - 7 scrolls of silence
 S - 9 scrolls of butterflies
 V - 10 scrolls of vulnerability
 Y - 30 scrolls of teleportation
Potions
 A - 11 potions of attraction
 C - 7 potions of cancellation
 G - 5 potions of ambrosia
 H - 10 potions of haste
 I - 6 potions of invisibility
 J - 28 potions of curing
 M - 12 potions of might
 N - 12 potions of heal wounds
 P - 4 potions of lignification
 Q - 2 potions of magic
 R - 6 potions of resistance
 T - 4 potions of berserk rage
 U - 3 potions of mutation
Miscellaneous
 l - a condenser vane (inert)
 m - a phantom mirror
 s - a tin of tremorstones (2/2)
 v - a lightning rod (4/4)
 z - a box of beasts (inert)


   Skills:
 O Level 27 Fighting
 - Level 7.5(11.3) Maces & Flails
 - Level 13.2(14.0) Staves
 - Level 1.2 Throwing
 - Level 20.8 Armour
 - Level 21.3 Dodging
 - Level 9.2 Stealth
 + Level 10.5 Spellcasting
 - Level 6.4 Conjurations
 - Level 14.9 Translocations
 - Level 7.8 Fire Magic
 - Level 2.7 Air Magic
 - Level 19.6 Evocations


You had 18 spell levels left.
You knew the following spells:

 Your Spells              Type           Power      Damage    Failure   Level
a - Scorch                Fire           74%        2d8       2%          2
b - Sticky Flame          Conj/Fire      35%        2d5       22%         4
c - Apportation           Tloc           100%       N/A       1%          1
d - Lesser Beckoning      Tloc           100%       N/A       1%          3
e - Gell's Gravitas       Tloc           58%        N/A       1%          3
f - Passage of Golubria   Tloc           58%        N/A       1%          4
g - Teleport Other        Tloc           58%        N/A       1%          3
h - Blink                 Tloc           100%       N/A       1%          2
i - Manifold Assault      Tloc           58%        N/A       1%          4
j - Vhi's Electric Charg  Tloc/Air       82%        N/A       3%          3

Your spell library contained the following spells:

 Spells                   Type           Power      Damage    Failure   Level
 Foxfire                  Conj/Fire      100%       2x1d9     2%          1
 Magic Dart               Conj           100%       1d8       3%          1
 Kindle Blastsparks       Fire/Tloc/Air  80%        2d16      3%          3
 Searing Ray              Conj           64%        2d6       4%          2
 Iskenderun's Mystic Bla  Conj/Tloc      47%        2d10      5%          4
 Portal Projectile        Hex/Tloc       72%        N/A       6%          3
 Kiss of Death            Conj/Necr      84%        2d11      11%         1
 Dispersal                Tloc           29%        N/A       14%         6
 Flame Wave               Conj/Fire      35%        2d10      22%         4
 Inner Flame              Hex/Fire       23%        N/A       26%         3
 Dazzling Flash           Conj/Hex       42%        N/A       32%         3
 Hailstorm                Conj/Ice       21%        3d6       32%         3
 Stone Arrow              Conj/Erth      42%        3d9       32%         3
 Poisonous Vapours        Pois/Air       28%        N/A       34%         2
 Mephitic Cloud           Conj/Pois/Air  20%        N/A       34%         3
 Necrotise                Necr           36%        1d5       38%         1
 Sandblast                Erth           18%        2d7       38%         1
 Sting                    Tmut/Pois      36%        1d4       38%         1
 Summon Small Mammal      Summ           36%        N/A       38%         1
 Ignite Poison            Fire/Tmut/Pois 18%        N/A       38%         3
 Swiftness                Air            19%        N/A       38%         3
 Summon Forest            Summ/Tloc      18%        N/A       47%         5
 Fireball                 Conj/Fire      17%        3d9       52%         5
 Call Imp                 Summ           9%         N/A       54%         2
 Ensorcelled Hibernation  Hex/Ice        18%        N/A       54%         2
 Passwall                 Tmut/Erth      7%         N/A       54%         2
 Wereblood                Tmut           9%         N/A       54%         2
 Fulminant Prism          Conj/Hex       10%        3d8       73%         4
 Call Canine Familiar     Summ           9%         N/A       77%         3
 Spider Form              Tmut/Pois      9%         N/A       77%         3
 Summon Guardian Golem    Hex/Summ       9%         N/A       77%         3
 Tukima's Dance           Hex            9%         N/A       77%         3
 Arcjolt                  Conj/Air       12%        1d22      87%         5
 Summon Lightning Spire   Summ/Air       14%        N/A       93%         4
 Irradiate                Conj/Tmut      10%        3d15      97%         5
 Starburst                Conj/Fire      17%        6d6       98%         6
 Anguish                  Hex/Necr       4%         N/A       99%         4
 Animate Dead             Necr           9%         N/A       99%         4
 Cause Fear               Hex            4%         N/A       99%         4
 Dispel Undead            Necr           9%         3d8       99%         4
 Ice Form                 Ice/Tmut       9%         N/A       99%         4
 Leda's Liquefaction      Hex/Erth       4%         N/A       99%         4
 Olgreb's Toxic Radiance  Pois           9%         N/A       99%         4
 Petrify                  Tmut/Erth      9%         N/A       99%         4
 Summon Ice Beast         Ice/Summ       9%         N/A       99%         4
 Disjunction              Tloc           29%        N/A       99%         8
 Agony                    Necr           9%         N/A       100%        5
 Alistair's Intoxication  Tmut/Pois      6%         N/A       100%        5
 Blade Hands              Tmut           4%         N/A       100%        5
 Borgnjor's Vile Clutch   Necr/Erth      4%         N/A       100%        5
 Lee's Rapid Deconstruct  Erth           4%         3d5*      100%        5
 Metabolic Englaciation   Hex/Ice        4%         N/A       100%        5
 Silence                  Hex/Air        7%         N/A       100%        5
 Summon Mana Viper        Hex/Summ       9%         N/A       100%        5
 Yara's Violent Unravell  Hex/Tmut       4%         3d4       100%        5
 Conjure Ball Lightning   Conj/Air       12%        3x3d6     100%        6
 Death Channel            Necr           4%         N/A       100%        6
 Eringya's Noxious Bog    Tmut/Pois      4%         N/A       100%        6
 Iron Shot                Conj/Erth      10%        9d3       100%        6
 Simulacrum               Ice/Necr       4%         N/A       100%        6
 Dragon Form              Tmut           4%         N/A       100%        7
 Enfeeble                 Hex            4%         N/A       100%        7
 Haunt                    Necr/Summ      4%         N/A       100%        7
 Malign Gateway           Summ/Tloc      18%        N/A       100%        7
 Monstrous Menagerie      Summ           4%         N/A       100%        7
 Orb of Destruction       Conj           16%        9d7       100%        7
 Ozocubu's Refrigeration  Ice            4%         4d8       100%        7
 Spellforged Servitor     Conj/Summ      10%        N/A       100%        7
 Storm Form               Tmut/Air       7%         N/A       100%        7
 Summon Hydra             Summ           4%         N/A       100%        7
 Borgnjor's Revivificati  Necr           4%         N/A       100%        8
 Discord                  Hex            4%         N/A       100%        8
 Ignition                 Fire           18%        3d7       100%        8
 Infestation              Necr           4%         N/A       100%        8
 Lehudib's Crystal Spear  Conj/Erth      10%        10d4      100%        8
 Maxwell's Capacitive Co  Air            9%         ∞         100%        8
 Necromutation            Tmut/Necr      4%         N/A       100%        8
 Chain Lightning          Conj/Air       12%        3d16      100%        9
 Death's Door             Necr           4%         N/A       100%        9
 Dragon's Call            Summ           4%         N/A       100%        9
 Fire Storm               Conj/Fire      17%        8d5       100%        9
 Shatter                  Erth           4%         3d8*      100%        9
 Cigotuvi's Dreadful Rot  Necr/Pois/Air  Unusable   N/A       N/A         2
 Statue Form              Tmut/Erth      Unusable   N/A       N/A         6

Dungeon Overview and Level Annotations

Branches:
Dungeon (15/15)            Temple (0/1) D:5            Lair (5/5) D:8
  Swamp (4/4) Lair:3        Snake (4/4) Lair:2        Slime (5/5) Lair:5
    Orc (2/2) D:11            Elf (3/3) Orc:2        Vaults (5/5) D:13
  Crypt (3/3) Vaults:2       Tomb (0/3) Crypt:3      Depths (4/4) D:15
   Hell (visited)             Zot (5/5) Depths:4      Sewer (visited)
 Bailey (visited)           IceCv (visited)         Volcano (visited)
    Dis: Hell:1         Geh: Hell:1         Coc: Hell:1         Tar: Hell:1

Altars:
Cheibriados
Fedhas
Gozag
Kikubaaqudgha
Makhleb
Okawaru
Qazlal
Ru
Trog
Wu Jian
Xom
Yredelemnul
Zin
The Shining One
Jiyva

Shops:
D:7 *?*[   D:15 (   Orc:1 **=   Orc:2 :?(*   Elf:2 !   Snake:1 !(?*   Snake:3 ?
Vaults:4 [   Vaults:5 =   Depths:3 **:

Portals:
Hell: Depths:1 Depths:2 Depths:3 Depths:4
Abyss: Depths:1 Depths:3
Pandemonium: Depths:2 Depths:4
Ziggurat: Depths:2

Annotations:
Orc:1 4 exclusions
Crypt:2 2 transporters, arthad's ghost, veteran FeSu
Depths:2 Boris
Depths:3 3 runed translucent doors
Hell Geryon
Zot:2 exclusion: downstairs


Innate Abilities, Weirdness & Mutations

You are immune to sickness and miasma.
Your stone body is resilient. (AC +20)
You are immune to poison.
Your large and strong wings let you fly.
You resist negative energy. (rN+)
You are resistant to electric shocks. (rElec)
You are resistant to unholy torment.
You are immune to petrification.
You have large cloven feet.
You are partially covered in iridescent scales. (AC +2)


Message History

You reach down and open the large door.
There is a large open door here.
You see here a +0 short sword.
There is a stone staircase leading up here.
You fly upwards.
There is a stone staircase leading down here.
There is an open gate here.
There is a staircase leading out of the dungeon here.
Okay, then.
Unknown command.
Unknown command.
Really quaff the potion of mutation?
You feel extremely strange.
You feel genetically unstable.
You feel stupid.
Your magical essence no longer links to wands of the dungeon.
You feel agile.
Unknown command.
Really quaff the potion of mutation?
You feel extremely strange.
You feel clumsy.
Your hooves expand and flesh out into feet!
You feel less energetic.
Your connection to magic feels subdued.
Unknown command.
Really quaff the potion of mutation?
You feel extremely strange.
You feel more energetic.
Your magic regains its normal vibrancy.
You feel stronger.
Your thoughts seem clearer.
You feel weaker.
Your vision sharpens.
Unknown command.
Really quaff the potion of mutation?
You feel extremely strange.
Your vision seems duller.
You feel stronger.
Your thinking seems confused.
Iridescent scales grow over part of your body.
Your feet thicken and deform.
Unknown command.
Unknown command.
Unknown command.
Okay, then.
Unknown command.
You have escaped!

##.....## ###..# #
#...#...# #####.# #
##...#...## #.....####
#...###...# #.......##
##)..# #...###.....#..#
#...## ##...##.........
##...#####...##.........
#.............#.........
#......@......#........#
####################...#
#...# ##### # #####
###.... #...... #......


There were no monsters in sight!

Vanquished Creatures
  the Royal Jelly (Slime:5)
  3 ancient liches
  7 orbs of fire (Zot:5)
  6 dread liches
  A juggernaut (Depths:3)
  Josephina (Depths:2)
  Vv (Crypt:1)
  Boris (4 times) (Vaults:3 Crypt:3 Depths:1 Depths:4)
  3 Killer Klowns
  Margery (Depths:2)
  A curse toe (Zot:3)
  19 golden dragons
  2 electric golems (Zot:5)
  Jory (Crypt:1)
  A Tzitzimitl (Depths:4)
  A spectral shard shrike (Crypt:3)
  An Ice Fiend (D:11)
  28 Orb Guardians
  20 tentacled monstrosities
  Zenata (Crypt:1)
  6 liches
  A walking earthen tome (Depths:3)
  Jorgrun (Orc:2)
  An ancient champion (Crypt:1)
  Frances (Swamp:1)
  8 titans
  11 quicksilver dragons
  21 acid blobs
  12 death cobs
  9 sphinxes
  9 tengu reavers
  The ghost of Keebowock the Imperceptible, an adept SpEn of Okawaru (Swamp:2)
  20 storm dragons
  11 draconian monks
  Donald (Vaults:1)
  12 nagarajas (Snake:4)
  13 shadow dragons
  13 rockslimes
  11 fire giants
  6 revenants
  A fenstrider witch (Swamp:3)
  7 azure jellies
  4 iron dragons
  An emperor scorpion (D:15)
  5 frost giants
  19 vault wardens
  2 ghost moths
  12 draconian knights
  A caustic shrike zombie (Crypt:1)
  6 deep elf sorcerers
  An angel (D:14)
  3 draconian scorchers
  5 deep elf elementalists (Elf:3)
  2 curse skulls
  3 draconian stormcallers
  16 ironbound preservers
  12 ghouls
  2 juggernaut skeletons
  An orc warlord (Vaults:1)
  6 draconian shifters
  19 stone giants
  A reaper (Crypt:2)
  3 war gargoyles
  10 quicksilver oozes
  8 draconian annihilators
  19 very ugly things
  9 vampire knights
  8 ironbound thunderhulks
  26 green draconians
  Nessos (D:14)
  3 eleionomae
  A lorocyproca (Zot:4)
  7 deep elf demonologists
  22 black draconians
  6 bunyips
  10 deep elf annihilators
  20 dire elephants
  A bunyip (shapeshifter) (Depths:3)
  13 red draconians
  10 yellow draconians
  14 purple draconians
  8 spark wasps
  6 eidola
  Azrael (Snake:3)
  17 white draconians
  2 crystal guardians
  9 ettins
  A merfolk javelineer (Depths:1)
  9 deep elf death magi
  4 jiangshi
  A spriggan zombie (Crypt:1)
  3 shambling mangroves
  15 yaktaur captains
  12 fire dragons
  6 great orbs of eyes
  2 entropy weavers
  3 deep elf high priests
  A great orb of eyes (shapeshifter) (Depths:2)
  12 ice dragons
  3 rakshasas (Depths:1)
  2 peacekeepers
  2 spectral shadow dragons (Crypt:3)
  4 ghost crabs
  A salamander tyrant (Snake:4)
  A spectral spriggan (Crypt:3)
  4 spriggan air magi
  Fannar (D:12)
  35 vault guards
  An anaconda (shapeshifter) (Depths:2)
  18 hydras
  7 anacondas
  5 ogre magi
  16 two-headed ogres
  2 catoblepae
  4 death knights
  10 ironbound frosthearts
  A fenstrider witch skeleton (Crypt:3)
  14 centaur warriors
  31 dancing weapons
  5 death yaks (Lair:5)
  6 alligators
  6 deep troll shamans
  3 tengu warriors (D:14)
  3 boulder beetles
  14 deep troll earth magi
  3 spriggan berserkers
  14 naga warriors
  An orc high priest (Orc:1)
  Urug (Lair:5)
  9 shock serpents
  13 naga sharpshooters
  6 vampire magi
  Amaemon (D:9)
  23 deep elf knights
  15 hell knights
  4 soul eaters
  3 sun demons
  5 spriggans
  Nergalle (D:10)
  21 shadow wraiths
  6 iron trolls
  4 goliath frogs
  A sixfirhy (Depths:4)
  3 death drakes (Depths:4)
  4 salamander mystics
  3 fire crabs
  A cherub (Depths:2)
  64 deep trolls
  5 spriggan druids
  8 flayed ghosts
  A lindwurm (shapeshifter) (D:14)
  A tengu zombie (Depths:3)
  4 sea snakes (Snake:1)
  15 deep elf archers
  5 orc knights
  A swamp dragon (shapeshifter) (Elf:2)
  5 naga ritualists
  9 wizards
  An orange crystal statue (IceCv)
  5 glowing orange brains
  A golden dragon skeleton (Crypt:1)
  26 phantasmal warriors
  5 bog bodies
  17 swamp dragons
  3 lindwurms
  20 ironbound convokers
  3 harpies (Vaults:1)
  46 ugly things
  42 deep elf pyromancers
  32 deep elf zephyrmancers
  7 necromancers
  A goliath frog zombie (Crypt:2)
  4 shining eyes
  2 manticores
  A wolf spider (Vaults:5)
  6 mana vipers
  12 salamanders
  9 cyclopes
  3 will-o-the-wisps
  A toenail golem (Zot:1)
  35 moths of wrath
  A stone giant skeleton (Crypt:2)
  15 elephants
  70 slime creatures
  22 black mambas
  A torpor snail (Lair:5)
  5 guardian serpents (Snake:4)
  5 eyes of devastation
  A naga zombie (Crypt:2)
  Joseph (Lair:1)
  15 vault sentinels
  An orange demon (D:9)
  8 gargoyles
  9 storm dragon simulacra
  2 molten gargoyles (Lair:5)
  11 naga magi
  5 kobold demonologists
  2 unseen horrors (D:10)
  9 cane toads
  3 rime drakes
  A pale draconian zombie (Crypt:2)
  A hellion (Zot:5)
  A steelbarb worm zombie (Crypt:3)
  37 yaktaurs
  2 iron troll zombies
  2 efreet
  8 freezing wraiths
  13 komodo dragons
  A tengu conjurer (D:14)
  4 golden dragon simulacra (IceCv)
  2 anaconda simulacra (Swamp:3)
  A spectral naga (Crypt:3)
  5 trolls
  A bloated husk (Swamp:1)
  5 tyrant leeches
  An iron troll skeleton (Crypt:1)
  A mana viper skeleton (Crypt:1)
  A troll (shapeshifter) (D:14)
  2 burning bushes (Lair:5)
  11 hornets
  A wind drake (shapeshifter) (D:14)
  A polar bear (Lair:4)
  A sphinx simulacrum (Depths:3)
  A shadow dragon simulacrum (Depths:3)
  20 blink frogs
  2 harpy skeletons
  A culicivora zombie (Crypt:3)
  9 flying skulls (Crypt:3)
  10 dream sheep (Lair:5)
  3 jumping spiders
  A fire dragon skeleton (Crypt:1)
  7 air elementals
  9 shadows
  A culicivora (Vaults:1)
  An alligator skeleton (Crypt:3)
  An ettin skeleton (Crypt:1)
  2 vampires
  48 yaks
  14 wraiths
  8 wyverns
  2 dire elephant simulacra (Swamp:3)
  A naga simulacrum (Crypt:2)
  7 water elementals
  Grum (Bailey)
  A black mamba skeleton (Crypt:1)
  10 fire elementals
  11 fire bats
  11 golden eyes
  5 steam dragons
  A human (shapeshifter) (D:14)
  6 redbacks
  8 basilisks
  2 minotaur simulacra (Swamp:3)
  A neqoxec (Depths:4)
  2 harpy simulacra
  A fire bat zombie (Crypt:2)
  23 vampire mosquitoes
  20 swamp worms
  5 wargs
  2 acid dragons (D:11)
  30 nagas
  11 hell hounds
  14 water moccasins
  A water nymph zombie (Crypt:3)
  Duvessa (D:5)
  A hydra simulacrum (Crypt:1)
  2 floating eyes
  17 orc warriors
  Pargi (Sewer)
  9 swamp drakes
  A sky beast (D:7)
  6 ice dragon simulacra (IceCv)
  3 black bears
  30 ogres
  A spriggan simulacrum (Depths:2)
  A swamp dragon zombie (Crypt:3)
  10 boggarts
  15 centaurs
  23 wolves
  7 kobold brigands
  A manticore skeleton (Crypt:2)
  9 gnoll sergeants
  A wyvern zombie (Crypt:3)
  10 bullfrogs
  5 necrophages
  4 earth elementals
  A draconian skeleton (Crypt:1)
  Dowan (D:5)
  3 troll zombies (Swamp:1)
  13 killer bees
  5 lindwurm simulacra
  A queen bee zombie (Crypt:2)
  8 electric eels
  5 howler monkeys
  A wolf zombie (Crypt:3)
  A shapeshifter skeleton (Crypt:1)
  A troll skeleton (Swamp:1)
  10 lava snakes
  A wolf skeleton (Crypt:2)
  7 gnoll boudas
  5 hounds
  3 jellies
  A human zombie (D:7)
  9 orc priests
  2 centaur skeletons (Crypt:2)
  3 iguanas
  19 orc wizards
  A human skeleton (Crypt:1)
  A basilisk skeleton (Crypt:3)
  23 gnolls
  3 adders
  A shadow imp (D:6)
  A white imp (D:5)
  An iguana zombie (Crypt:2)
  A jelly zombie (Crypt:1)
  2 worms (D:3)
  4 dart slugs
  59 orcs
  5 ball pythons
  8 bats
  5 endoplasms
  6 giant cockroaches
  2 goblins
  12 hobgoblins
  7 jackals
  11 quokkas
  2 frilled lizards
  2 jackal zombies
  16 kobolds
  A rat (D:2)
2479 creatures vanquished.

Vanquished Creatures (collateral kills)
  An acid blob (Slime:5)
  A vampire knight (Depths:2)
  A hell knight (Depths:2)
  A necromancer (Depths:2)
  A vault sentinel (Vaults:1)
  A glowing shapeshifter simulacrum (Depths:2)
6 creatures vanquished.

Vanquished Creatures (others)
  A deep elf death mage (Elf:2)
  An ice dragon (IceCv)
  An alligator (Swamp:4)
  A soul eater (Hell)
  2 deep elf knights
  A deep elf pyromancer (D:12)
  A moth of wrath (Zot:4)
  A titan simulacrum (Depths:2)
  2 bloated husks
  A hornet (Swamp:4)
  2 spriggans (Swamp:4)
  A water elemental (Elf:1)
  A steam dragon (Swamp:4)
  7 bushes (Depths:2)
  28 foxfires
  23 fungi
  55 plants
129 creatures vanquished.

Grand Total: 2614 creatures vanquished

Notes
Turn   | Place    | Note
-------+----------+-------------------------------------------
     0 | D:1      | Twinkles the Gargoyle Cinder Acolyte began the quest for
                  | the Orb.
     0 | D:1      | Reached XP level 1. HP: 14/14 MP: 2/2
   453 | D:1      | Reached XP level 2. HP: 16/19 MP: 3/3
   922 | D:2      | Reached skill level 1 in Armour
  1002 | D:2      | Reached XP level 3. HP: 11/23 MP: 4/4
  1294 | D:2      | Noticed a shining eye
  1296 | D:2      | Found a faded altar of an unknown god.
  1298 | D:2      | Noticed a golden eye
  1298 | D:2      | Noticed an eye of devastation
  1298 | D:2      | Noticed a shining eye
  1794 | D:3      | Found a glowing golden altar of the Shining One.
  1839 | D:3      | Learned a level 2 spell: Scorch
  1946 | D:3      | Reached XP level 4. HP: 29/29 MP: 5/5
  2450 | D:4      | Reached skill level 4 in Fighting
  2572 | D:4      | Found a snail-covered altar of Cheibriados.
  2836 | D:4      | Reached XP level 5. HP: 30/33 MP: 6/6
  2866 | D:4      | Noticed a black bear
  2873 | D:4      | Killed a black bear
  3146 | D:5      | Entered Level 5 of the Dungeon
  3155 | D:5      | Reached XP level 6. HP: 38/39 MP: 7/7
  3259 | D:5      | Noticed a water moccasin
  3265 | D:5      | HP: 10/39 [water moccasin (6)]
  3272 | D:5      | HP: 7/39 [water moccasin (3)]
  3277 | D:5      | HP: 1/40 [water moccasin (5)]
  3278 | D:5      | Killed a water moccasin
  3279 | D:5      | Reached skill level 5 in Fighting
  3279 | D:5      | Reached XP level 7. HP: 2/44 MP: 2/8
  3383 | D:5      | Found a glowing drain.
  3466 | D:5      | Noticed Duvessa
  3466 | D:5      | Noticed Dowan
  3495 | Sewer    | Entered a sewer
  3500 | Sewer    | Upgraded the game from 0.30-a0-605-gb2882149bf to
                  | 0.30-a0-613-gdd512c7efb
  3606 | Sewer    | Noticed Pargi
  3614 | Sewer    | Killed Pargi
  3785 | D:5      | Killed Duvessa
  3786 | D:5      | Reached skill level 5 in Fire Magic
  3826 | D:5      | Killed Dowan
  3827 | D:5      | Reached skill level 5 in Maces & Flails
  4149 | D:5      | Found a staircase to the Ecumenical Temple.
  4364 | D:6      | Reached XP level 8. HP: 47/51 MP: 9/9
  4382 | D:6      | Found an ornate altar of the Wu Jian Council.
  4487 | D:6      | Reached skill level 6 in Fighting
  4542 | D:6      | Reached skill level 5 in Armour
  5277 | D:6      | Identified 2 scrolls of acquirement
  5277 | D:6      | Acquired a +6 spectral lajatang
  5528 | D:6      | Found a burning altar of Makhleb.
  5790 | D:7      | Found an iron altar of Okawaru.
  5800 | D:7      | Noticed a komodo dragon
  5820 | D:7      | HP: 6/52 [komodo dragon (18)]
  5821 | D:7      | Killed a komodo dragon
  5822 | D:7      | Reached skill level 7 in Fighting
  5822 | D:7      | Reached skill level 1 in Staves
  5822 | D:7      | Reached XP level 9. HP: 7/57 MP: 1/10
  6070 | D:7      | Found a runed translucent door.
  6109 | D:7      | Found Foluxtah's Assorted Antiques.
  6167 | D:7      | Bought a sedimented orange potion for 26 gold pieces
  6167 | D:7      | Bought a scroll labelled QEGHUSSOIMI for 29 gold pieces
  6167 | D:7      | Bought a dented blue amulet for 145 gold pieces
  6188 | D:7      | Found a basalt altar of Yredelemnul.
  6244 | D:7      | Found Ynli's Magic Scroll Emporium.
  6256 | D:7      | Found Buic's General Store.
  6532 | D:7      | Found Ciloc's Antique Armour Boutique.
  6537 | D:7      | Bought a glowing cloak for 187 gold pieces
  7016 | D:8      | Reached skill level 1 in Conjurations
  7075 | D:7      | Reached skill level 8 in Fighting
  7130 | D:8      | Reached XP level 10. HP: 61/64 MP: 11/11
  7356 | D:8      | Found a staircase to the Lair.
  7404 | D:8      | Found a blossoming altar of Fedhas.
  7716 | D:8      | Found a stormy altar of Qazlal.
  8136 | D:9      | Noticed an orange demon
  8151 | D:9      | Killed an orange demon
  8152 | D:9      | Reached skill level 5 in Staves
  8194 | D:9      | Noticed a centaur warrior
  8195 | D:9      | Noticed a cyclops
  8206 | D:9      | Killed a cyclops
  8207 | D:9      | Reached skill level 9 in Fighting
  8210 | D:9      | Killed a centaur warrior
  8383 | D:9      | Identified the +5 dagger of the Lurker {elec, rC+}
  8392 | D:9      | Learned a level 4 spell: Sticky Flame
  8658 | D:9      | Reached XP level 11. HP: 70/71 MP: 12/12
  8683 | D:9      | Noticed Amaemon
  8691 | D:9      | Killed Amaemon
  8692 | D:9      | Reached skill level 5 in Conjurations
  8882 | D:9      | Found a bloodstained altar of Trog.
  9103 | D:9      | Found a glowing silver altar of Zin.
  9105 | D:9      | Noticed an angel
  9112 | D:9      | Found a shimmering altar of Xom.
  9176 | D:10     | Entered Level 10 of the Dungeon
  9329 | D:10     | Noticed Nergalle
  9334 | D:10     | Killed Nergalle
  9479 | D:10     | Found a flagged portal.
  9492 | D:10     | Reached skill level 10 in Fighting
  9534 | Bailey   | Entered a bailey
  9820 | Bailey   | Noticed Grum
  9837 | Bailey   | Killed Grum
 10501 | D:10     | Found an opulent altar of Gozag.
 10528 | D:10     | Identified the +9 dire flail of Harmony {flame, Dex+4}
 10883 | Lair:1   | Entered Level 1 of the Lair of Beasts
 10898 | Lair:1   | Reached skill level 1 in Dodging
 10898 | Lair:1   | Reached skill level 1 in Evocations
 10981 | Lair:1   | Reached XP level 12. HP: 62/78 MP: 13/13
 11263 | Lair:1   | Noticed a six-headed hydra
 11280 | Lair:1   | Killed a six-headed hydra
 11535 | Lair:1   | Noticed Joseph
 11543 | Lair:1   | Killed Joseph
 11595 | Lair:1   | Upgraded the game from 0.30-a0-613-gdd512c7efb to
                  | 0.30-a0-618-gd6c86c23d0
 11727 | Lair:1   | Reached skill level 10 in Armour
 11793 | Lair:1   | Identified the +1 leather armour of the Unseen Realm {rC+
                  | Str+4 Stlth+}
 12293 | Lair:2   | Reached skill level 11 in Fighting
 12518 | Lair:2   | Found a staircase to the Snake Pit.
 12994 | Lair:3   | Reached XP level 13. HP: 58/84 MP: 12/14
 13490 | Lair:3   | Reached skill level 10 in Staves
 13561 | Lair:3   | Found a staircase to the Swamp.
 14661 | Lair:4   | Reached skill level 5 in Evocations
 14890 | Lair:4   | Reached skill level 12 in Fighting
 15339 | Lair:5   | Entered Level 5 of the Lair of Beasts
 15339 | Lair:5   | Noticed Urug
 15410 | Lair:5   | Killed Urug
 15421 | Lair:5   | Reached skill level 5 in Dodging
 15596 | Lair:5   | Found a viscous altar of Jiyva.
 15615 | Lair:5   | Found a staircase to the Slime Pits.
 15772 | Lair:5   | Gained mutation: Your large and strong wings let you fly.
                  | [Gargoyle growth]
 15772 | Lair:5   | Reached XP level 14. HP: 85/92 MP: 13/15
 15959 | Lair:5   | Found a large runed translucent door.
 15959 | Lair:5   | Found a large runed translucent door.
 15962 | Lair:5   | HP: 20/92 [molten gargoyle/+0 flail (16)]
 15967 | Lair:5   | HP: 14/92 [molten gargoyle/bolt of magma (8)]
 17875 | D:11     | Reached skill level 13 in Fighting
 18401 | D:11     | Found a staircase to the Orcish Mines.
 18455 | D:12     | Noticed Fannar
 18471 | D:12     | Killed Fannar
 19389 | D:13     | Reached XP level 15. HP: 99/99 MP: 16/16
 19994 | D:13     | Found a gate to the Vaults.
 21248 | D:14     | Reached skill level 14 in Fighting
 21608 | D:14     | Noticed Nessos
 21613 | D:14     | Killed Nessos
 21913 | D:15     | Entered Level 15 of the Dungeon
 22010 | Orc:1    | Entered Level 1 of the Orcish Mines
 22092 | Orc:2    | Entered Level 2 of the Orcish Mines
 22105 | Orc:2    | Noticed Jorgrun
 22109 | Orc:2    | Killed Jorgrun
 22155 | Orc:2    | Found a staircase to the Elven Halls.
 22381 | Orc:1    | Found a dark tunnel.
 22397 | Volcano  | Entered a volcano
 22663 | Volcano  | Found a radiant altar of Vehumet.
 22740 | Volcano  | Reached XP level 16. HP: 107/107 MP: 17/17
 22880 | Orc:1    | Found Wakairau's Jewellery Boutique.
 23084 | Orc:1    | Found Unuybb's General Store.
 23089 | Orc:1    | Found Tacosk's Specific Store.
 23283 | Orc:1    | Bought the +3 pair of mountain boots {steadfast, rC+} for
                  | 402 gold pieces
 23283 | Orc:1    | Found the +3 pair of mountain boots {steadfast, rC+}
 23949 | Orc:2    | Reached skill level 15 in Fighting
 23974 | Orc:2    | Found Analuyqu's General Store.
 23975 | Orc:2    | Found Gymais's Magic Scroll Emporium.
 23975 | Orc:2    | Found Leottot's Book Boutique.
 23975 | Orc:2    | Found Kagex's Antique Weapon Emporium.
 24114 | Orc:2    | Bought a scroll of identify for 20 gold pieces
 24116 | Orc:2    | Bought a scroll of identify for 26 gold pieces
 24116 | Orc:2    | Bought a scroll of identify for 26 gold pieces
 24156 | Orc:1    | Bought a +5 ring of evasion for 468 gold pieces
 24171 | Orc:2    | Acquired a +2 eveningstar of holy wrath
 24188 | Orc:1    | Bought an amulet of regeneration for 390 gold pieces
 24360 | D:7      | Bought a fading scale mail for 225 gold pieces
 24360 | D:7      | Identified the +1 scale mail "Pyont" {rC- Regen+ Int+2
                  | Stlth+} (You bought it in a shop on level 7 of the Dungeon)
 24683 | D:15     | Found a sacrificial altar of Ru.
 24715 | D:15     | Found a staircase to the Depths.
 24820 | D:15     | Found Vizytiurph's Weapon Shoppe.
 25712 | Snake:1  | Entered Level 1 of the Snake Pit
 25739 | Snake:1  | Reached skill level 10 in Evocations
 25787 | Snake:1  | Found Unyazuf's Magic Scroll Shoppe.
 25787 | Snake:1  | Found Remut's Weapon Emporium.
 25791 | Snake:1  | Reached skill level 15 in Armour
 25802 | Snake:1  | Found Fifesche's Distillery.
 25806 | Snake:1  | Found Mankiok's Assorted Antiques.
 25829 | Snake:1  | Bought a pair of polished gloves for 323 gold pieces
 25829 | Snake:1  | Identified the +2 pair of gloves "Xotevij" {Contam rC+
                  | Slay+3} (You bought it in a shop on level 1 of the Snake
                  | Pit)
 27538 | Snake:3  | Reached XP level 17. HP: 102/115 MP: 18/18
 27546 | Snake:3  | Reached skill level 16 in Fighting
 27933 | Snake:3  | Found Onkucloh's Magic Scroll Emporium.
 27954 | Snake:3  | Acquired 669 gold pieces
 27958 | Snake:3  | Bought a scroll of acquirement for 728 gold pieces
 28085 | Snake:3  | Noticed Azrael
 28109 | Snake:3  | Killed Azrael
 28619 | Snake:4  | Entered Level 4 of the Snake Pit
 28684 | Snake:4  | Acquired 1027 gold pieces
 29918 | Snake:4  | Reached skill level 17 in Fighting
 30204 | Snake:4  | Reached XP level 18. HP: 118/124 MP: 19/19
 30231 | Snake:4  | Got a serpentine rune of Zot
 30510 | Swamp:1  | Entered Level 1 of the Swamp
 30605 | Swamp:1  | Noticed Frances
 30755 | Swamp:1  | Killed Frances
 31439 | Swamp:2  | Found a transporter.
 31442 | Swamp:2  | Noticed Keebowock's ghost (adept SpEn)
 31737 | Swamp:2  | Found a transporter.
 31995 | Swamp:3  | Found a frozen archway.
 32146 | IceCv    | Entered an ice cave
 32194 | IceCv    | Reached skill level 18 in Fighting
 32359 | IceCv    | Noticed a golden dragon
 32384 | IceCv    | Killed a golden dragon
 32570 | IceCv    | Identified the ring of Xiawn {rPois Will- Str+2 Slay+4
                  | Stlth+}
 33258 | Swamp:4  | Entered Level 4 of the Swamp
 33514 | Swamp:4  | Reached XP level 19. HP: 121/132 MP: 20/20
 34081 | Swamp:4  | Got a decaying rune of Zot
 34458 | Orc:1    | Bought a ring of see invisible for 195 gold pieces
 34458 | Orc:1    | Bought a ring of willpower for 325 gold pieces
 34523 | Elf:1    | Entered Level 1 of the Elven Halls
 34644 | Elf:1    | Paralysed by an air elemental for 1 turns
 34661 | Elf:1    | Reached skill level 19 in Fighting
 35806 | Elf:2    | Found Voriedgh's Distillery.
 35879 | Elf:2    | Paralysed by an air elemental for 1 turns
 36043 | Elf:2    | Found a huge runed translucent gate.
 36043 | Elf:2    | Found a huge runed translucent gate.
 36043 | Elf:2    | Found a huge runed translucent gate.
 36043 | Elf:2    | Found a huge runed translucent gate.
 36047 | Elf:2    | Found a huge runed translucent gate.
 36098 | Elf:2    | Paralysed by an air elemental for 1 turns
 36619 | Elf:2    | Reached skill level 15 in Evocations
 36701 | Elf:2    | Reached XP level 20. HP: 128/140 MP: 21/21
 36715 | Elf:2    | Reached skill level 20 in Fighting
 37152 | Elf:3    | Entered Level 3 of the Elven Halls
 37167 | Elf:3    | Upgraded the game from 0.30-a0-618-gd6c86c23d0 to
                  | 0.30-a0-622-gddc90eaa04
 37903 | Elf:3    | Identified the +9 flail "Wuigh" {flame, Dex+2}
 37903 | Elf:3    | Identified the ring of the Middle {rElec rN+ Int+4 Dex-3
                  | SInv}
 37938 | Elf:3    | Reached skill level 21 in Fighting
 38285 | Elf:3    | Identified the +8 trident of Tohonem {heavy, Str+7}
 38285 | Elf:3    | Identified the ring of Soit {Fly rF++ Will+++ rCorr Dex-3}
 38343 | Elf:3    | Reached skill level 1 in Throwing
 38549 | Elf:3    | Identified the +1 ring mail of Detav {Int+4}
 38826 | Orc:2    | Bought a scroll of enchant armour for 97 gold pieces
 38826 | Orc:2    | Bought a scroll of enchant armour for 97 gold pieces
 38957 | D:7      | Bought a scroll of enchant armour for 75 gold pieces
 39074 | Vaults:1 | Entered Level 1 of the Vaults
 39094 | D:13     | Reached skill level 1 in Stealth
 39757 | Vaults:1 | Reached XP level 21. HP: 149/149 MP: 22/22
 40044 | Vaults:1 | Acquired the +7 lajatang of Order {silver, rMut}
 40044 | Vaults:1 | Found the +7 lajatang of Order {silver, rMut}
 40249 | Vaults:1 | Reached skill level 5 in Stealth
 40356 | Vaults:1 | Noticed Donald
 40364 | Vaults:1 | Killed Donald
 41764 | Vaults:2 | Reached skill level 22 in Fighting
 41926 | Vaults:2 | Found a staircase to the Crypt.
 41926 | Vaults:2 | Found a basalt altar of Yredelemnul.
 41926 | Vaults:2 | Found an ancient bone altar of Kikubaaqudgha.
 42214 | Vaults:2 | Identified the +2 falchion of the Postmodern Dreams {holy,
                  | Int+5}
 42590 | Vaults:2 | Reached skill level 10 in Dodging
 42818 | Vaults:3 | Noticed Boris
 42830 | Vaults:3 | Killed Boris
 43129 | Vaults:3 | Reached skill level 1 in Translocations
 43324 | Vaults:3 | Reached XP level 22. HP: 158/158 MP: 23/23
 43457 | Vaults:3 | Identified the +8 mace of Kismet {spect, rCorr Int+5 Dex+7}
 44168 | Vaults:4 | Reached skill level 5 in Translocations
 44503 | Vaults:4 | Reached skill level 23 in Fighting
 45034 | Vaults:4 | Found Tutruppurph's Armour Emporium.
 45337 | Crypt:1  | Entered Level 1 of the Crypt
 45680 | Crypt:1  | Noticed Jory
 45691 | Crypt:1  | Killed Jory
 45692 | Crypt:1  | Noticed Vv
 45704 | Crypt:1  | Killed Vv
 45998 | Crypt:1  | Noticed Zenata
 46011 | Crypt:1  | Killed Zenata
 46442 | Crypt:2  | Learned a level 1 spell: Apportation
 46634 | Orc:2    | Bought a book of Displacement for 408 gold pieces
 46638 | Orc:2    | Learned a level 3 spell: Lesser Beckoning
 46642 | Orc:2    | Learned a level 3 spell: Gell's Gravitas
 46864 | Crypt:2  | Found a transporter.
 46873 | Crypt:2  | Noticed a royal mummy
 46876 | Crypt:2  | Found a transporter.
 46878 | Crypt:2  | Noticed arthad's ghost (veteran FeSu)
 46956 | Crypt:2  | Reached XP level 23. HP: 165/165 MP: 21/24
 47116 | Crypt:2  | Identified the +7 flail of Quantum Leap {venom, Will+}
 47616 | Crypt:3  | Entered Level 3 of the Crypt
 47641 | Crypt:3  | Noticed Boris
 47655 | Crypt:3  | Killed Boris
 47861 | Crypt:3  | Reached skill level 10 in Translocations
 47932 | Crypt:3  | Found a basalt altar of Yredelemnul.
 48101 | Crypt:3  | Found the +13 scythe of Curses {drain, Drain}
 48418 | Crypt:3  | Found a staircase to the Tomb.
 48447 | Crypt:3  | Reached skill level 24 in Fighting
 48784 | Crypt:3  | Identified the +3 flail of Freehold {elec, rElec rF- rN+
                  | Will+}
 48888 | Crypt:3  | Identified the amulet "Novomum" {rC- Regen+ Str+2 Int+2}
 48888 | Crypt:3  | Identified the ring of Moufil Zeti {rElec rN+ Will+ Dex+2}
 48888 | Crypt:3  | Identified the ring "Qigox" {rF+ rC+ rN+}
 49069 | Crypt:1  | Learned a level 4 spell: Passage of Golubria
 49073 | Crypt:1  | Learned a level 3 spell: Teleport Other
 49501 | Slime:1  | Entered Level 1 of the Pits of Slime
 49970 | Slime:5  | Entered Level 5 of the Pits of Slime
 50015 | Slime:5  | Gained mutation: Armour fits poorly on your strangely
                  | shaped body. [a shining eye]
 50419 | Slime:5  | Reached XP level 24. HP: 144/175 MP: 24/24
 50600 | Lair:5   | Lost mutation: Armour fits poorly on your strangely shaped
                  | body. [potion of mutation]
 50600 | Lair:5   | Gained mutation: You have large cloven feet. [potion of
                  | mutation]
 50600 | Lair:5   | Gained mutation: Your magical capacity is low. (-10% MP)
                  | [potion of mutation]
 50600 | Lair:5   | Gained mutation: Your flesh is cold resistant. (rC+)
                  | [potion of mutation]
 50705 | Slime:5  | Gained mutation: Your spells are a little easier to cast,
                  | but a little less powerful. [a shining eye]
 50854 | Slime:5  | Found a viscous altar of Jiyva.
 50865 | Slime:5  | Noticed the Royal Jelly
 51141 | Snake:3  | Bought a scroll of immolation for 56 gold pieces
 51141 | Snake:3  | Bought a scroll of immolation for 56 gold pieces
 51496 | Vaults:5 | Entered Level 5 of the Vaults
 51633 | Vaults:4 | Reached skill level 25 in Fighting
 52365 | Vaults:5 | Paralysed by a sphinx for 2 turns
 52538 | Vaults:5 | Noticed an ancient lich
 52574 | Vaults:4 | Killed an ancient lich
 52659 | Vaults:5 | Noticed an ancient lich
 52740 | Vaults:5 | Identified the +3 leather armour "Summudio" {rElec Int+4}
 52978 | Vaults:5 | Killed an ancient lich
 52979 | Vaults:5 | Reached skill level 26 in Fighting
 53103 | Vaults:5 | Identified the +9 morningstar of the Two Names {venom,
                  | Str+3 Dex+8}
 53623 | Vaults:5 | Identified the +8 mace "Rien Ceu" {speed, rC- rN+ Str+4}
 53662 | Vaults:5 | Got a silver rune of Zot
 53918 | Vaults:5 | Identified the +1 robe "Itaogesch" {+Inv rElec rF++ Int+4}
 53932 | Vaults:5 | Reached XP level 25. HP: 160/180 MP: 17/22
 54008 | Vaults:5 | Identified the +8 short sword "Dipun" {holy, rF+ rC++ rN+
                  | Will-}
 54187 | Vaults:5 | Found Uwiavets's Jewellery Shoppe.
 54200 | Vaults:5 | Identified the +7 sling of the Land of Plenty {drain,
                  | rElec}
 54203 | Vaults:5 | Identified the +7 quarterstaff of Chance {heavy, Str+3}
 54321 | Vaults:5 | Identified the +7 battleaxe "Newtbane" {freeze, rF++ Str+2}
 54582 | Vaults:5 | Identified the +7 falchion "Gecreep" {freeze, *Noise rF+
                  | SInv}
 55579 | Slime:5  | Killed the Royal Jelly
 55789 | Slime:5  | Identified the +2 scimitar of a volcano {venom, Dex+3}
 55812 | Slime:5  | Identified the ring of Kindness {AC+4 Str+3 Stlth+}
 55818 | Slime:5  | Got a slimy rune of Zot
 55819 | Slime:5  | Identified the amulet of Ileth {Spirit rElec rF+ Dex+4}
 55847 | Slime:5  | Identified the ring of the Crown {Wiz rC+}
 55882 | Slime:5  | Identified the ring of Uqupsurch {rElec rCorr MP-9 Str+3
                  | Dex+4}
 55905 | Slime:5  | Identified the +2 halberd "Adaeqesa" {flame, Fly rElec
                  | Str-4 SInv}
 55907 | Slime:5  | Identified the +3 scale mail of the Thistle {rElec MP+9
                  | SInv}
 56319 | Depths:1 | Entered Level 1 of the Depths
 56336 | Depths:1 | Found a one-way gate to the infinite horrors of the Abyss.
 56347 | Depths:1 | Noticed Boris
 56368 | Depths:1 | Killed Boris
 56681 | Depths:1 | Found a gateway to Hell.
 56713 | Depths:1 | Identified the +1 robe of Beyond {rElec rF- rCorr Slay+5}
 56764 | Depths:1 | Identified the +5 dire flail of Anguish {freeze, Int+2}
 56844 | Depths:1 | Identified the +1 sling of Cataclysm {freeze, Fragile rN+++
                  | Will+++ Stlth-}
 56846 | Depths:1 | Found a glowing golden altar of the Shining One.
 57143 | Hell     | Entered the Vestibule of Hell
 57143 | Hell     | Noticed Geryon
 57414 | Depths:2 | Found a one-way gateway to a ziggurat.
 57717 | Depths:2 | Identified the ring of Biskeski {Ice Drain Int+5 Dex+3}
 57717 | Depths:2 | Noticed Josephina
 57735 | Depths:2 | Killed Josephina
 58036 | Depths:2 | Found a one-way gate leading to the halls of Pandemonium.
 58382 | Depths:2 | Noticed Margery
 58390 | Depths:2 | Reached skill level 27 in Fighting
 58401 | Depths:2 | Killed Margery
 58746 | Depths:3 | Noticed a juggernaut
 58756 | Depths:3 | Found a runed translucent door.
 58757 | Depths:3 | Killed a juggernaut
 58758 | Depths:3 | Paralysed by a floating eye for 2 turns
 58769 | Depths:3 | Paralysed by a floating eye for 4 turns
 58782 | Depths:3 | Paralysed by a floating eye for 3 turns
 58830 | Depths:3 | Found a runed translucent door.
 58831 | Depths:3 | Found the +9 staff of Wucad Mu {*channel}
 58876 | Depths:3 | Found a runed translucent door.
 58876 | Depths:3 | Found a runed translucent door.
 58974 | Depths:3 | Identified the ring "Ruppunk" {rPois AC+4 Str+6}
 58981 | Depths:3 | Identified the +1 dagger "Qust" {chaos, rCorr Str+3}
 59038 | Depths:4 | Entered Level 4 of the Depths
 59721 | Depths:3 | Reached XP level 26. HP: 159/193 MP: 13/22
 60070 | Depths:3 | Found Xouss's Blood Bar.
 60125 | Depths:3 | Found Dyset's General Store.
 60129 | Depths:3 | Found Widouh's Book Shop.
 60133 | Depths:3 | Bought a scroll of teleportation for 36 gold pieces
 60156 | Depths:3 | Found a stormy altar of Qazlal.
 60349 | Depths:3 | Identified the +3 leather armour of Gozag's Indignation
                  | {rElec Str+3 Int+7}
 60743 | Depths:4 | Reached skill level 15 in Dodging
 61098 | Depths:4 | Found a portal to a secret trove of treasure.
 61374 | Depths:4 | Noticed Boris
 61376 | Depths:4 | Identified the ring "Pannom" {+Blink rElec rC- Will+ Str+5}
 61448 | Depths:4 | Killed Boris
 62231 | Depths:4 | Found a gate to the Realm of Zot.
 63192 | D:7      | Bought a scroll of butterflies for 40 gold pieces
 63192 | D:7      | Bought a scroll of silence for 95 gold pieces
 63192 | D:7      | Bought a scroll of fog for 40 gold pieces
 63192 | D:7      | Bought a scroll of teleportation for 30 gold pieces
 63202 | D:7      | Bought a wand of roots (4) for 134 gold pieces
 63328 | Snake:1  | Bought 3 scrolls of butterflies for 180 gold pieces
 63328 | Snake:1  | Bought a scroll of blinking for 112 gold pieces
 63328 | Snake:1  | Bought a scroll of blinking for 112 gold pieces
 63331 | Snake:1  | Bought a potion of mutation for 120 gold pieces
 63331 | Snake:1  | Bought a potion of haste for 150 gold pieces
 63331 | Snake:1  | Bought a potion of lignification for 45 gold pieces
 63331 | Snake:1  | Bought a potion of heal wounds for 75 gold pieces
 63337 | Snake:1  | Bought a potion of mutation for 272 gold pieces
 63337 | Snake:1  | Bought a scroll of teleportation for 102 gold pieces
 63738 | Orc:2    | Bought a scroll of blinking for 75 gold pieces
 63739 | Orc:2    | Bought a scroll of fog for 52 gold pieces
 63739 | Orc:2    | Bought a scroll of blinking for 97 gold pieces
 63739 | Orc:2    | Bought a scroll of teleportation for 39 gold pieces
 63857 | Elf:2    | Bought 2 potions of ambrosia for 192 gold pieces
 63857 | Elf:2    | Bought a potion of cancellation for 96 gold pieces
 63857 | Elf:2    | Bought a potion of ambrosia for 96 gold pieces
 64413 | Swamp:2  | Killed Keebowock's ghost
 64533 | Swamp:2  | Identified the ring "Ysepn" {MP+9 Dex+5}
 64746 | Snake:1  | Bought a potion of invisibility for 272 gold pieces
 64865 | D:7      | Bought a potion of heal wounds for 145 gold pieces
 65132 | Zot:1    | Entered Level 1 of the Realm of Zot
 65569 | Zot:1    | Reached XP level 27. HP: 194/199 MP: 9/22
 65793 | Zot:1    | Identified the +9 war axe of Fundamental Breach {elec,
                  | rElec}
 66379 | Zot:1    | HP: 57/199 [storm dragon (17)]
 69007 | Zot:3    | Paralysed by a sphinx for 4 turns
 69115 | Zot:3    | Noticed a dread lich
 69135 | Zot:3    | Identified the +5 sling "Cinnont" {elec, rN+ SInv}
 69137 | Zot:3    | Killed a dread lich
 69255 | Zot:3    | Noticed a dread lich
 69264 | Zot:3    | Killed a dread lich
 69267 | Zot:3    | Noticed a dread lich
 69279 | Zot:3    | Killed a dread lich
 69822 | Zot:3    | Identified the +0 hand axe of the Uplifting Puffin {chaos,
                  | rN+ Int+2}
 70260 | Depths:4 | You paid a toll of 2 scrolls of acquirement to enter a
                  | treasure trove
 70261 | Trove    | Entered a treasure trove
 70280 | Trove    | Got Sif Muna's Papyrus of Injury
 70317 | Trove    | Got Mezuatz's Guide on the Relocated Xenotype
 70330 | Trove    | Learned a level 2 spell: Blink
 70335 | Trove    | Learned a level 4 spell: Manifold Assault
 70409 | Depths:4 | Acquired a manual of Stealth
 71664 | Zot:5    | Entered Level 5 of the Realm of Zot
 72701 | Zot:5    | Noticed an ancient lich
 72718 | Zot:5    | Killed an ancient lich
 72760 | Zot:5    | Noticed a dread lich
 72770 | Zot:5    | Killed a dread lich
 72771 | Zot:5    | Reached skill level 5 in Spellcasting
 72810 | Zot:5    | Noticed an orb of fire
 72829 | Zot:5    | Killed an orb of fire
 72832 | Zot:5    | Noticed an orb of fire
 72842 | Zot:5    | Gained mutation: You expend magic power (3 MP) to
                  | strengthen your wands. [an orb of fire]
 72846 | Zot:5    | Killed an orb of fire
 72852 | Zot:5    | Learned a level 3 spell: Vhi's Electric Charge
 73299 | Zot:5    | Noticed a dread lich
 73309 | Zot:5    | Killed a dread lich
 73310 | Zot:5    | Reached skill level 1 in Air Magic
 73483 | Zot:5    | Noticed an orb of fire
 73489 | Zot:5    | Gained mutation: You occasionally lose the ability to read
                  | scrolls when taking damage. [an orb of fire]
 73491 | Zot:5    | Gained mutation: You have hidden genetic defects. [an orb
                  | of fire]
 73505 | Zot:5    | Killed an orb of fire
 73518 | Zot:5    | Lost mutation: You have hidden genetic defects. [potion of
                  | mutation]
 73518 | Zot:5    | Lost mutation: Your spells are a little easier to cast, but
                  | a little less powerful. [potion of mutation]
 73518 | Zot:5    | Lost mutation: Your flesh is cold resistant. (rC+) [potion
                  | of mutation]
 73518 | Zot:5    | Gained mutation: You sometimes lose the ability to read
                  | scrolls when taking damage. [potion of mutation]
 73518 | Zot:5    | Gained mutation: Your mind is acute. (Int +4, Str/Dex -1)
                  | [potion of mutation]
 73519 | Zot:5    | Lost mutation: You sometimes lose the ability to read
                  | scrolls when taking damage. [potion of mutation]
 73519 | Zot:5    | Lost mutation: You occasionally lose the ability to read
                  | scrolls when taking damage. [potion of mutation]
 73519 | Zot:5    | Lost mutation: Your magical capacity is low. (-10% MP)
                  | [potion of mutation]
 73519 | Zot:5    | Gained mutation: You are somewhat resistant to further
                  | mutation. [potion of mutation]
 73697 | Zot:5    | Noticed an orb of fire
 73705 | Zot:5    | Noticed an orb of fire
 74536 | Zot:5    | Noticed a dread lich
 74552 | Zot:5    | Killed a dread lich
 74586 | Zot:5    | Killed an orb of fire
 74589 | Zot:5    | Noticed an orb of fire
 74600 | Zot:5    | Killed an orb of fire
 74601 | Zot:5    | Noticed an orb of fire
 74608 | Zot:5    | Killed an orb of fire
 74917 | Zot:5    | Killed an orb of fire
 75350 | Zot:5    | Got the Orb of Zot
 75469 | Zot:1    | Reached skill level 10 in Spellcasting
 75520 | Depths:4 | Gained mutation: You are weak. (Str -2) [a neqoxec]
 75613 | Depths:2 | Noticed Boris
 75649 | Depths:1 | Noticed a seraph
 75936 | D:1      | Lost mutation: You are somewhat resistant to further
                  | mutation. [potion of mutation]
 75936 | D:1      | Lost mutation: Your mind is acute. (Int +4, Str/Dex -1)
                  | [potion of mutation]
 75936 | D:1      | Lost mutation: You expend magic power (3 MP) to strengthen
                  | your wands. [potion of mutation]
 75936 | D:1      | Gained mutation: You are agile. (Dex +4, Str/Int -1)
                  | [potion of mutation]
 75937 | D:1      | Lost mutation: You are agile. (Dex +4, Str/Int -1) [potion
                  | of mutation]
 75937 | D:1      | Lost mutation: You have large cloven feet. [potion of
                  | mutation]
 75937 | D:1      | Gained mutation: Your magical capacity is low. (-10% MP)
                  | [potion of mutation]
 75937 | D:1      | Gained mutation: Your spells are a little easier to cast,
                  | but a little less powerful. [potion of mutation]
 75938 | D:1      | Lost mutation: Your magical capacity is low. (-10% MP)
                  | [potion of mutation]
 75938 | D:1      | Lost mutation: Your spells are a little easier to cast, but
                  | a little less powerful. [potion of mutation]
 75938 | D:1      | Lost mutation: You are weak. (Str -2) [potion of mutation]
 75938 | D:1      | Gained mutation: You possess an exceptional clarity of
                  | mind. [potion of mutation]
 75938 | D:1      | Gained mutation: You are weak. (Str -2) [potion of
                  | mutation]
 75938 | D:1      | Gained mutation: You have supernaturally acute eyesight.
                  | (SInv) [potion of mutation]
 75939 | D:1      | Lost mutation: You have supernaturally acute eyesight.
                  | (SInv) [potion of mutation]
 75939 | D:1      | Lost mutation: You are weak. (Str -2) [potion of mutation]
 75939 | D:1      | Lost mutation: You possess an exceptional clarity of mind.
                  | [potion of mutation]
 75939 | D:1      | Gained mutation: You are partially covered in iridescent
                  | scales. (AC +2) [potion of mutation]
 75939 | D:1      | Gained mutation: You have large cloven feet. [potion of
                  | mutation]
 75941 | D:$      | Escaped with the Orb!

Illustrated notes

Levels and vault maps discovered:
D:1:      lemuel_arrival_funnel, layout_basic, hangedman_decor_clover_reticule
D:2:      layout_basic, hellmonk_ecumenical_altar_watching_god,
          dk_noncrumbling_2, hangedman_decor_points
D:3:      layout_basic, lemuel_round_altar, kennysheep_nub,
          kennysheep_generic_room_6
D:4:      kennysheep_spiral_hall, layout_rooms,
          mainiacjoe_overflow_small_starburst, minmay_distorted
D:5:      layout_cave_pools, minmay_temple_entry_nine_rooms,
          gup_sewer_entry_pipe, minmay_crystal_room, uniq_duvessa
D:6:      layout_loops_ring, nicolae_wu_jian_wuxing_cycle, lemuel_tele_altar
D:7:      layout_gridville, dk_yredelemnul_ordeal, okawaru_gym_becter,
          serial_shops, nicolae_shop_hallway_plus, nicolae_square_shop,
          kennysheep_little_box, nicolae_shop_window_shopping,
          grunt_decor_arrowhead
D:8:      layout_basic, grunt_temple_overflow_forces_of_nature,
          minmay_lair_entry_grove
D:9:      minmay_the_grid_four_pointed_star
          [minmay_the_grid_triangle_9x9_minimal,
          minmay_the_grid_triangle_9x9_swiss_cheese,
          minmay_the_grid_triangle_9x9_longest,
          minmay_the_grid_triangle_9x9_stretched_checkered,
          minmay_the_grid_prize_diamond_cup], layout_basic, lemuel_doored_altar,
          grunt_temple_overflow_order_and_chaos_1, uniq_amaemon
D:10:     layout_basic, kennysheep_mini_moat, enter_bailey_2, uniq_nergalle
D:11:     layout_loops_ring, erik_orc_2, st_stairs_5
D:12:     layout_rooms, beargit_elvish_explorers, uniq_fannar
D:13:     lemuel_ice_spiral_2, layout_basic,
          hangedman_vaults_entry_quadrant_bands
D:14:     layout_roguey, minmay_misc_feat_pillars, uniq_nessos
D:15:     hangedman_depths_entry_try_elsewhere_first, layout_stronghold,
          serial_shops, shop, nicolae_ru_the_path_less_chosen
Lair:1:   layout_regular_city, st_stairs_4, uniq_joseph
Lair:2:   layout_chaotic_city, nicolae_snake_entry_squirm, lemuel_fruit_tree
Lair:3:   layout_gridlike, minmay_swamp_entry_reptiles, lemuel_old_faithful
Lair:4:   layout_cave_shapes, nicolae_lair_lil_pond
Lair:5:   cheibrodos_lair_end_hotspot, layout_misc_corridors, slime_entry_1,
          evilmike_ambush [evilmike_ambush_outer_pillars,
          evilmike_ambush_inner_wall_2], uniq_urug
Swamp:1:  layout_falls_marsh, hangedman_swamp_cone, swamp_pool1,
          cheibrodos_swamp_minitomb, uniq_frances
Swamp:2:  layout_basic_swamp, gammafunk_ghost_arena,
          evilmike_swamp_ruin_house_1, swamp_pool3
Swamp:3:  layout_basic_swamp, portal_ice_cave_entry_ice_simulacra,
          nicolae_swamp_fairy_circle
Swamp:4:  swamp_fiery, layout_basic_swamp, swamp_pool1
Snake:1:  layout_misc_corridors, minmay_shoptagon, serial_bayou_shore_a
Snake:2:  layout_chambers, grunt_megastairs_3
Snake:3:  layout_cave_town, serial_shops, shop_statue, uniq_azrael
Snake:4:  grunt_snake_rune_spirals, layout_onion_interference,
          nicolae_snake_shapes
Slime:1:  layout_caves
Slime:2:  layout_caves, nicolae_slime_phagocytosis
Slime:3:  layout_caves
Slime:4:  layout_caves, nicolae_slime_rock_hall_of_fame
Slime:5
Orc:1:    layout_caves, nicolae_volcano_entry_two_sided, serial_shops,
          nicolae_shop_hallway_plus, nicolae_specific_store, mines1_david
Orc:2:    st_orc_ogre_mass, layout_diamond_mine, basic_altar, uniq_jorgrun
Elf:1:    layout_loops_corners, minivault_28, corexii_hall_statues_l,
          serial_sigils_hangedman_snap, hangedman_elf_disciples
Elf:2:    elven_hall_of_blades_hangedman_alternative
          [nicolae_blade_little_rooms], layout_gridlike, serial_shops,
          nicolae_shop_trees
Elf:3:    minmay_elf_hall_dome, layout_rooms
Vaults:1: v_alt_pattern_4, nicolae_vaults_network_s, v_misc_1, v_misc_4,
          nicolae_vaults_what_the_h, vaults_room_grid, v_misc_13,
          grunt_vaults_funnel, vaults_room_fours, layout_vaults_omnigrid,
          uniq_donald
Vaults:2: vaults_standard_mumra_lines, v_misc_10, vaults_room_grid,
          nicolae_vaults_alarming, grunt_vaults_hallway_long,
          nicolae_vaults_big_ls, v_misc_1, minmay_crypt_entry_necro_gods,
          v_misc_29, ontoclasm_vaults_ring_small, ontoclasm_vaults_ligature,
          vaults_dpeg_encased_lava, nicolae_vaults_little_squares_5,
          layout_vaults_ring
Vaults:3: grunt_vaults_focal, nicolae_vaults_little_ls, v_pattern_5,
          vaults_dpeg_spiral, grunt_vaults_diagonal, v_misc_9, v_misc_33,
          v_misc_27, v_misc_1, nicolae_vaults_stairing_the_circle,
          vaults_room_glass_cross, vaults_room_hallway, layout_vaults_omnibox,
          uniq_boris
Vaults:4: v_misc_5, hangedman_vaults_snaps, v_misc_11, vaults_room_large_hall,
          hangedman_vaults_river_flow, hangedman_vaults_nodes,
          nicolae_vaults_theta, v_misc_27, serial_ice_h, st_hourglassy,
          layout_vaults_maze_snakey, serial_shops, shop
Vaults:5: serial_shops
Crypt:1:  layout_basic, grunt_megastairs_5, grunt_crypt_arrival_split,
          uniq_zenata, uniq_vv, uniq_jory
Crypt:2:  layout_misc_corridors, nzn_ghost_randoct
Crypt:3:  church_of_pain_bobbens, layout_chaotic_city
Depths:1: layout_cave_pools, tso_metal_star, hell_entry, abyss_entry_crystal,
          roderic_roman_lattice, kennysheep_generic_room_16
Depths:2: minmay_bubble_buster, layout_basic, enter_ziggurat_f, pan_entry,
          minmay_hedge_maze, grunt_metal_band, minmay_librarian, uniq_grunn,
          uniq_josephina
Depths:3: impenetrable_vault, layout_cave_shapes, abyss_entry, hell_entry,
          basic_altar, guppyfry_shop_blood, minmay_staircase_bubble,
          minmay_shop_star, uniq_margery
Depths:4: lemuel_castle_with_subvaults [lemuel_castle_interior_carwin_3],
          layout_small_grid, pan_entry, nicolae_trove_entry_crystal, hell_entry,
          grunt_megastairs_1
Hell
Zot:1:    kennysheep_oblong_rooms, layout_cellular_growth
Zot:2:    layout_gridville
Zot:3:    hellmonk_paralyzer, layout_misc_corridors, grunt_megastairs_2
Zot:4:    layout_concentric_octagons, st_stairs_2, zot_minivault_4
Zot:5:    layout_gridlike

Skill      XL: |  1  2  3  4  5  6  7  8  9 10 11 12 13 14 15 16 17 18 19 20 21 22 23 24 25 26 27 |
---------------+----------------------------------------------------------------------------------+-----
Armour         | 1 2 3 4 5 7 8 9 10 11 12 14 15 17 18 19 20 | 20.8
Fighting       | 4 5 7 8 9 10 11 12 13 14 15 17 18 19 21 22 23 24 26 27 | 27.0
Maces & Flails | 4 5 7 |  7.5
Fire Magic     | 4 5 6 7 |  7.8
Staves         | 1 4 5 7 9 11 13 | 13.2
Conjurations   | 2 4 6 |  6.4
Dodging        | 1 3 5 7 8 10 13 17 21 | 21.3
Evocations     | 1 4 5 7 9 10 12 13 15 16 17 19 | 19.6
Throwing       | 1 |  1.2
Stealth        | 4 9 |  9.2
Translocations | 2 8 10 11 14 | 14.9
Spellcasting   | 10 | 10.5
Air Magic      | 2 |  2.7

Action                   |  1- 3 |  4- 6 |  7- 9 | 10-12 | 13-15 | 16-18 | 19-21 | 22-24 | 25-27 || total
-------------------------+-------+-------+-------+-------+-------+-------+-------+-------+-------++-------
Melee: Whip              |   108 |   125 |   165 |     8 |       |       |       |       |       ||   406
       Punch             |       |     1 |       |       |       |       |       |       |       ||     1
       Flail             |       |       |    20 |       |       |       |       |       |       ||    20
       Lajatang          |       |       |    47 |   338 |   676 |   807 |  1189 |  1408 |  2539 ||  7004
       Dire flail        |       |       |       |       |    26 |    61 |       |       |       ||    87
Throw: Dart              |       |     3 |     3 |     7 |     1 |       |       |       |       ||    14
 Cast: Scorch            |       |     3 |    18 |    38 |    29 |    30 |     7 |     1 |       ||   126
       Sticky Flame      |       |       |       |     1 |       |       |       |       |       ||     1
       Lesser Beckoning  |       |       |       |       |       |       |       |    60 |   116 ||   176
       Passage of Golubr |       |       |       |       |       |       |       |     1 |    16 ||    17
       Manifold Assault  |       |       |       |       |       |       |       |       |    17 ||    17
       Teleport Other    |       |       |       |       |       |       |       |       |     2 ||     2
       Vhi's Electric Ch |       |       |       |       |       |       |       |       |     1 ||     1
Invok: Fiery Armour      |       |     1 |       |       |     1 |       |       |       |       ||     2
       Foxfire Swarm     |       |     1 |       |       |       |       |       |       |       ||     1
       Rising Flame      |       |       |       |       |       |       |       |       |     1 ||     1
Evoke: Wand              |       |       |       |       |     9 |     6 |     2 |       |     5 ||    22
       Lightning rod     |       |       |       |       |     3 |       |       |     4 |     4 ||    11
       Condenser vane    |       |       |       |       |     1 |       |     3 |     3 |     8 ||    15
       Tin of tremorston |       |       |       |       |       |       |     1 |     7 |     6 ||    14
       Phantom mirror    |       |       |       |       |       |       |     1 |     1 |     2 ||     4
       Box of beasts     |       |       |       |       |       |       |       |     1 |     3 ||     4
  Use: Scroll            |       |       |    13 |     8 |     9 |    14 |     6 |     6 |    29 ||    85
       Potion            |       |       |       |       |     2 |       |       |     4 |    19 ||    25
 Stab: Distracted        |       |       |       |       |     3 |    12 |     7 |    19 |    11 ||    52
       Confused          |       |       |       |       |       |       |       |       |     1 ||     1
Armor: Robe              |    34 |       |       |       |       |       |       |       |       ||    34
       Ring mail         |    12 |    20 |       |       |       |       |       |       |       ||    32
       Scale mail        |       |    46 |   113 |   173 |     5 |       |       |       |       ||   337
       Chain mail        |       |       |    28 |       |       |       |       |       |       ||    28
       Plate armour      |       |       |       |    40 |   474 |   441 |       |       |       ||   955
       Crystal plate arm |       |       |       |       |       |   202 |  1020 |  1293 |  2463 ||  4978
Dodge: Dodged            |    53 |    62 |   124 |   181 |   216 |   494 |   492 |   610 |  1296 ||  3528
Block: Other             |       |       |     6 |    84 |   161 |    23 |       |       |       ||   274
       Reflection        |       |       |       |     4 |    12 |     1 |       |       |       ||    17

Table legend: (Time is in decaauts)
 A = Elapsed time spent in this place.
 B = Non-inter-level travel time spent in this place.
 C = Inter-level travel time spent in this place.
 D = Time resting spent in this place.
 E = Time spent auto-exploring this place.
 F = Levels seen in this place.
 G = Mean time per level.
                   A        B        C        D        E       F      G
               +--------+--------+--------+--------+--------+-----+--------+
         Total |  74155 |  61495 |  12660 |   7220 |  37292 |  61 | 1215.7 |
       Dungeon |  18383 |  14647 |   3736 |   1307 |  10559 |  15 | 1225.5 |
          Lair |   8108 |   6097 |   2011 |    543 |   4394 |   5 | 1621.6 |
         Swamp |   3226 |   2838 |    388 |     48 |   1824 |   4 |  806.5 |
     Snake Pit |   4857 |   4369 |    488 |    357 |   3030 |   4 | 1214.2 |
    Slime Pits |   2170 |   1251 |    919 |    354 |    197 |   5 |  434.0 |
  Orcish Mines |   2211 |   1551 |    660 |    153 |    793 |   2 | 1105.5 |
   Elven Halls |   4649 |   3811 |    838 |    253 |   2135 |   3 | 1549.7 |
        Vaults |   8878 |   8128 |    750 |   1062 |   4481 |   5 | 1775.6 |
         Crypt |   3328 |   3004 |    324 |    154 |   2034 |   3 | 1109.3 |
        Depths |   6799 |   5481 |   1318 |    680 |   3217 |   4 | 1699.8 |
          Hell |     15 |     15 |      0 |      0 |      0 |   1 |   15.0 |
           Zot |   9394 |   8167 |   1227 |   1897 |   3772 |   5 | 1878.8 |
         Trove |    143 |    143 |      0 |      0 |     55 |   1 |  143.0 |
         Sewer |    263 |    263 |      0 |      0 |    177 |   1 |  263.0 |
        Bailey |    792 |    792 |      0 |    256 |    201 |   1 |  792.0 |
      Ice Cave |    489 |    489 |      0 |     33 |    259 |   1 |  489.0 |
       Volcano |    442 |    442 |      0 |    117 |    163 |   1 |  442.0 |
               +--------+--------+--------+--------+--------+-----+--------+

Top non-repeatable levels by time:
   Zot:5: 3483 daAuts
Depths:4: 2525 daAuts
   Zot:1: 2190 daAuts
Vaults:5: 2176 daAuts
Vaults:4: 2128 daAuts
  Lair:5: 2092 daAuts
Depths:2: 2056 daAuts
    D:13: 2044 daAuts
   Elf:3: 1724 daAuts
 Snake:4: 1673 daAuts
  Lair:3: 1640 daAuts
     D:9: 1638 daAuts
  Lair:2: 1625 daAuts
    D:11: 1602 daAuts
Vaults:3: 1597 daAuts
